 Dungeon Sprint DCSS version 0.16-a0-3643-g096a701 (webtiles) character file.

8482 BluebellGnoll the Eclecticist (level 13, -14/82 HPs)
             Began as a Spriggan Enchanter on Jan 16, 2015.
             Was the Champion of Vehumet.
             Demolished by Agnes
             ... wielding a +3 lajatang of venom
              (38 damage)
             ... in the Dungeon (Sprint VI: "Thunderdome").
             The game lasted 00:56:30 (3021 turns).

BluebellGnoll the Eclecticist (Spriggan Enchanter)  Turns: 3021, Time: 00:56:30

Health: -14/82     AC:  5    Str:  4    XL:     13   Next: 31%
Magic:  3/49       EV: 37    Int: 25    God:    Vehumet [******]
Gold:   144        SH: 10    Dex: 21    Spells: 12 memorised, 7 levels left

rFire  + + .     SeeInvis +     B - +0 quick blade (freeze)
rCold  + . .     Clarity  .     e - +1 robe of the Country {+Fly rF+}
rNeg   + . .     SustAb   .     w - +2 buckler of Gallantry {rElec MR+ HP+9}
rPois  +         Gourm    .     (helmet restricted)
rElec  +         Spirit   .     b - +1 cloak of the Five Beggars {rC++ rN+ MR+ HP+9}
rCorr  .         Warding  .     (gloves unavailable)
rMut   .         NoTele   +     (boots unavailable)
MR     ++++.                    s - amulet "Vigueh" {Faith +Twstr Dex+3}
Stlth  ++++......               v - ring "Schud" {+Blink HP+9 MP+9 SInv}
                                r - ring of Shriamm {Fire rPois+ Int+5}

@: very quick, incredibly resistant to hostile enchantments, stealthy
A: unfitting armour, see invisible, herbivore 3, speed 3, slow metabolism 2
a: Renounce Religion, Evoke Blink, Evoke Flight, Evoke Twister
}: 2/15 runes: decaying, barnacled


You were in the Dungeon.
You worshipped Vehumet.
Vehumet was exalted by your worship.
You were not hungry.

You visited 1 branch You collected 4410 gold pieces.
You spent 4266 gold pieces at shops.

Inventory:

Hand weapons
 a - a +1 dagger
 u - a cursed +1 short sword
 A - a +5 trident of freezing
 B - a +0 quick blade of freezing (weapon)
Armour
 b - the +1 cloak of the Five Beggars (worn) {rC++ rN+ MR+ HP+9}
   (You bought it in a shop in the Dungeon)

   It greatly protects you from cold.
   It protects you from negative energy.
   It affects your resistance to hostile enchantments.
   It affects your health (+9).
 e - the +1 robe of the Country (worn) {+Fly rF+}
   (You bought it in a shop in the Dungeon)

   It protects you from fire.
   It lets you fly.
 w - the +2 buckler of Gallantry (worn) {rElec MR+ HP+9}
   (You bought it in a shop in the Dungeon)

   It insulates you from electricity.
   It affects your resistance to hostile enchantments.
   It affects your health (+9).
Jewellery
 o - the amulet of Xuam {Stasis -Cast rN+ MR++ Str+2 Stlth+}
   (You bought it in a shop in the Dungeon)

   [amulet of stasis]

   It prevents you from being teleported, slowed, hasted or paralysed.
   It affects your strength (+2).
   It protects you from negative energy.
   It affects your resistance to hostile enchantments.
   It prevents spellcasting.
   It makes you more stealthy.
 p - the ring "Sephoego" {+Blink +Fly MP+9 Stlth+}
   (You bought it in a shop in the Dungeon)

   [ring of stealth]

   It affects your magic capacity (+9).
   It lets you fly.
   It lets you blink.
   It makes you more stealthy.
 q - the ring "Wine Poq" {+Rage +Fly MR+ AC-2}
   (You bought it in a shop in the Dungeon)

   [ring of protection]

   It affects your AC (-2).
   It affects your resistance to hostile enchantments.
   It lets you fly.
   It lets you go berserk.
 r - the ring of Shriamm (left hand) {Fire rPois+ Int+5}
   (You bought it in a shop in the Dungeon)

   [ring of fire]

   It enhances your fire magic, and weakens your ice magic.
   It affects your intelligence (+5).
   It protects you from fire.
   It makes you vulnerable to cold.
   It protects you from poison.
 s - the amulet "Vigueh" (around neck) {Faith +Twstr Dex+3}
   (You bought it in a shop in the Dungeon)

   [amulet of faith]

   It allows you to gain divine favour quickly.
   It affects your dexterity (+3).
   It can be evoked to create a twister.
 v - the ring "Schud" (right hand) {+Blink HP+9 MP+9 SInv}
   (You bought it in a shop in the Dungeon)

   [ring of magical power]

   It affects your health (+9).
   It affects your magic capacity (+9).
   It enhances your eyesight.
   It lets you blink.
 y - the ring of Gaog {rPois+ rF+ MR+ HP-9}
   (You bought it in a shop in the Dungeon)

   [ring of poison resistance]

   It protects you from fire.
   It protects you from poison.
   It affects your resistance to hostile enchantments.
   It affects your health (-9).
 z - the ring "Ilec" {Wiz *Rage +Rage MR+ Stlth+}
   (You bought it in a shop in the Dungeon)

   [ring of wizardry]

   It improves your spell success rate.
   It affects your resistance to hostile enchantments.
   It lets you go berserk.
   It may make you go berserk in combat.
   It makes you more stealthy.
Magical devices
 k - a wand of cold (0)
 l - a wand of fire (0)
Scrolls
 c - 14 scrolls of remove curse
 j - 3 scrolls of blinking
 m - 3 scrolls of fog
 x - 5 scrolls of identify
Potions
 d - 4 potions of curing
 f - 4 potions of heal wounds
 g - 2 potions of haste
 h - 6 potions of magic
 i - 6 potions of agility
 n - a potion of resistance
 t - 5 potions of might


   Skills:
 - Level 12.3 Short Blades
 - Level 19.8 Dodging
 - Level 4.9 Stealth
 - Level 4.9 Shields
 - Level 20.8 Spellcasting
 - Level 6.4 Conjurations
 - Level 9.0 Hexes
 - Level 7.5 Fire Magic
 - Level 3.7 Ice Magic
 + Level 10.5 Air Magic
 - Level 7.6 Evocations


You had 7 spell levels left.
You knew the following spells:

 Your Spells              Type           Power        Failure   Level  Hunger
a - Corona                Hex            ######.      1%          1    None
b - Ensorcelled Hibernat  Hex/Ice        ####..       1%          2    None
c - Confuse               Hex            ######..     1%          3    None
d - Sure Blade            Hex/Chrm       #####.....   1%          2    None
e - Dazzling Spray        Conj/Hex       ######..     1%          3    None
f - Enslavement           Hex            ######..     1%          4    None
g - Sticky Flame          Conj/Fire      ######..     1%          4    None
h - Bolt of Magma         Conj/Fire/Erth ######....   2%          5    None
i - Fireball              Conj/Fire      ######....   1%          5    None
j - Bolt of Cold          Conj/Ice       ####......   10%         6    ##.....
k - Summon Mana Viper     Hex/Summ       #####...     10%         5    None
l - Freezing Cloud        Conj/Ice/Air   ####......   4%          6    ##.....


Dungeon Overview and Level Annotations

Branches:
Dungeon (1/1)

Altars:
Cheibriados
Dithmenos
Elyvilon
Fedhas
Gozag
Kikubaaqudgha
Makhleb
Nemelex Xobeh
Okawaru
Qazlal
Ru
Sif Muna
Trog
Vehumet
Xom
Yredelemnul
Zin
The Shining One
Jiyva
Lugonu

Shops:
D *[%??*?*:[((!!!!

Annotations:
D Agnes


Innate Abilities, Weirdness & Mutations

You are tiny and cannot use many weapons and most armour.
You have supernaturally acute eyesight.
You are a herbivore.
You cover ground extremely quickly.
You need consume almost no food.


Message History

Aim: Agnes, wielding a lajatang of venom and wearing a robe (freezing vapour, moderately wounded)
Okay, then.
Casting: Fireball
Confirm with . or Enter, or press ? or * to list all spells.
Aiming: Bolt of Cold
Press: ? - help, Shift-Dir - straight line, f/p - Agnes
Aim: Agnes, wielding a lajatang of venom and wearing a robe (freezing vapour, moderately wounded)
You feel a numb sensation.
The bolt of cold misses Agnes.
Agnes is engulfed in freezing vapours. x2
Agnes completely misses you.
Casting: Bolt of Cold
Confirm with . or Enter, or press ? or * to list all spells.
Aiming: Dazzling Spray
Press: ? - help, Shift-Dir - straight line, f/p - Agnes
Aim: Agnes, wielding a lajatang of venom and wearing a robe (freezing vapour, moderately wounded)
The spray of energy hits Agnes.
Agnes is moderately wounded.
Agnes is engulfed in freezing vapours.
Agnes hits you with a lajatang of venom!!!
You die...

#∩[......∩# #_......._#
#........_# #_[......_#
###.........###
#⌠..[...[....⌠#
######.8..[......8.###
##∩(__...(..###.(....__
###∩(..§@...8.# #.8..÷(..
##....(.§i.....###........
#⌠....§§§§§÷###...###.....
#⌠.....§§§(.# #.<.# #.....
#⌠.)§§§§§...###...###.....
##.§§§.§§§....[###........
###§§.......8.# #.8......
##∩___...(..###......_.
######.8.(.......8.###


You could see Agnes.

Vanquished Creatures
  Ilsuiw (D)
  2 eidola (D)
  A wizard (D)
  3 hydras (D)
  A centaur warrior (D)
  A sun demon (D)
  4 swamp dragons (D)
  A sea snake (D)
  A shambling mangrove (D)
  4 phantasmal warriors (D)
  7 fire drakes (D)
  3 komodo dragons (D)
  A spiny frog (D)
  An efreet (D)
  4 giant leeches (D)
  A slime creature (D)
  2 queen bees (D)
  A blink frog (D)
  2 ravens (D)
  8 redbacks (D)
  4 water elementals (D)
  A steam dragon (D)
  A fire bat (D)
  A fire elemental (D)
  2 mottled dragons (D)
  A water moccasin (D)
  A phantom (D)
  9 centaurs (D)
  Sigmund (D)
  A big kobold (D)
  2 brain worms (D)
  4 giant frogs (D)
  3 killer bees (D)
  3 wights (D)
  Ijyb (D)
  An adder (D)
  3 worms (D)
  An adder zombie (D)
  An adder skeleton (D)
  A giant gecko (D)
  A hobgoblin (D)
  2 giant cockroach zombies (D)
  3 kobolds (D)
97 creatures vanquished.

Vanquished Creatures (collateral kills)
  An eidolon (D)
  A sea snake (D)
  2 oklob plants (D)
4 creatures vanquished.

Vanquished Creatures (others)
  An eidolon (D)
  A mana viper (D)
2 creatures vanquished.

Grand Total: 103 creatures vanquished

Notes
Turn   | Place    | Note
--------------------------------------------------------------
     0 | D        | BluebellGnoll, the Spriggan Enchanter, began the quest for the Orb.
     0 | D        | Reached XP level 1. HP: 9/9 MP: 4/4
     1 | D        | Found a bloodstained altar of Trog.
     2 | D        | Found an ancient bone altar of Kikubaaqudgha.
     2 | D        | Found a shimmering altar of Xom.
     3 | D        | Found a sparkling altar of Nemelex Xobeh.
     3 | D        | Found a corrupted altar of Lugonu.
     4 | D        | Found Oluteuco's Advanced Armour.
     4 | D        | Found Hoyfisun's Identification Station.
     4 | D        | Found a burning altar of Makhleb.
     4 | D        | Found a glowing golden altar of the Shining One.
     5 | D        | Found Ligi's Jewellery.
     5 | D        | Found Thacw's Bee Food.
     7 | D        | Found Klawaane's Premium Goods.
     8 | D        | Found a sacrificial altar of Ru.
     8 | D        | Found Twerhibe's Miscellaneous Merchandise.
     9 | D        | Found a snail-covered altar of Cheibriados.
     9 | D        | Found an opulent altar of Gozag.
     9 | D        | Round 1.
    10 | D        | Found Jookokh's Weapon Rack.
    10 | D        | Found Gomor's Basic Armour.
    11 | D        | Found a viscous altar of Jiyva.
    24 | D        | Found a white marble altar of Elyvilon.
    24 | D        | Found Binapiog's Do-It-Yourself Clinic.
    25 | D        | Found Xuiv's Bottled Wisdom.
    26 | D        | Found an iron altar of Okawaru.
    26 | D        | Found a shadowy altar of Dithmenos.
    27 | D        | Found a stormy altar of Qazlal.
    28 | D        | Found Fehono's Distillery.
    28 | D        | Found Oniakh's Distillery.
    30 | D        | Found a basalt altar of Yredelemnul.
    31 | D        | Found a deep blue altar of Sif Muna.
    32 | D        | Found a radiant altar of Vehumet.
    33 | D        | Found Ikueshra's Staff Store.
    34 | D        | Found Gil Zaiboatt's Must-Have Magic.
    35 | D        | Found a glowing silver altar of Zin.
    36 | D        | Found a blossoming altar of Fedhas.
    36 | D        | Found Notz's Magic Scroll Shop.
    36 | D        | Found Kuongoumn's Magic Scroll Shop.
    41 | D        | Became a worshipper of Vehumet
    58 | D        | Bought a smoking ivory amulet for 45 gold pieces
    58 | D        | Bought a twitching lead ring for 45 gold pieces
    58 | D        | Bought a bound granite ring for 45 gold pieces
    58 | D        | Bought a pitted marble ring for 45 gold pieces
    64 | D        | Identified the amulet of Xuam {Stasis -Cast rN+ MR++ Str+2 Stlth+} (You bought it in a shop in the Dungeon)
    66 | D        | Identified the ring "Sephoego" {+Blink +Fly MP+9 Stlth+} (You bought it in a shop in the Dungeon)
    67 | D        | Identified the cursed ring "Wine Poq" {+Rage +Fly MR+ AC-2} (You bought it in a shop in the Dungeon)
    69 | D        | Identified the ring of Shriamm {Fire rPois+ Int+5} (You bought it in a shop in the Dungeon)
   218 | D        | Noticed Sigmund
   223 | D        | Reached skill level 5 in Dodging
   223 | D        | Reached XP level 2. HP: 5/13 MP: 5/7
   223 | D        | Killed Sigmund
   223 | D        | Reached skill level 9 in Dodging
   223 | D        | Reached XP level 3. HP: 6/16 MP: 6/9
   223 | D        | Reached XP level 4. HP: 7/21 MP: 8/12
   226 | D        | Acquired Vehumet's first power
   226 | D        | Offered knowledge of Sandblast by Vehumet.
   232 | D        | Arena points: 12 (+12) [x2]
   246 | D        | Learned a level 2 spell: Ensorcelled Hibernation
   250 | D        | Learned a level 3 spell: Confuse
   253 | D        | Learned a level 2 spell: Sure Blade
   291 | D        | Round 2.
   296 | D        | Noticed a big kobold
   315 | D        | Killed a big kobold
   315 | D        | Reached skill level 5 in Spellcasting
   315 | D        | Reached XP level 5. HP: 12/24 MP: 2/20
   320 | D        | Learned a level 3 spell: Dazzling Spray
   325 | D        | Learned a level 4 spell: Enslavement
   378 | D        | Noticed Ijyb
   416 | D        | Killed Ijyb
   416 | D        | Offered knowledge of Freeze by Vehumet.
   416 | D        | Arena points: 48 (+36) [x3]
   437 | D        | Bought a fine sapphire amulet for 45 gold pieces
   437 | D        | Bought a wavering lapis lazuli ring for 45 gold pieces
   437 | D        | Identified the amulet "Vigueh" {Faith +Twstr Dex+3} (You bought it in a shop in the Dungeon)
   439 | D        | Identified the ring "Lare" {SustAb -Cast rPois+ MR+ HP+9 Str+4} (You bought it in a shop in the Dungeon)
   462 | D        | Round 3.
   475 | D        | Acquired Vehumet's second power
   497 | D        | Noticed a blink frog
   498 | D        | Reached XP level 6. HP: 25/28 MP: 23/25
   518 | D        | Killed a blink frog
   518 | D        | Reached skill level 5 in Short Blades
   518 | D        | Reached skill level 11 in Dodging
   532 | D        | Noticed a spiny frog
   544 | D        | Acquired Vehumet's third power
   544 | D        | Reached skill level 12 in Dodging
   544 | D        | Reached XP level 7. HP: 9/32 MP: 13/27
   567 | D        | Killed a spiny frog
   567 | D        | Arena points: 132 (+84) [x4]
   567 | D        | Reached skill level 14 in Dodging
   645 | D        | Round 4.
   657 | D        | Offered knowledge of Inner Flame by Vehumet.
   687 | D        | Reached skill level 10 in Spellcasting
   687 | D        | Reached XP level 8. HP: 31/36 MP: 7/29
   706 | D        | Arena points: 292 (+160) [x5]
   736 | D        | Bought a distressingly furry robe for 199 gold pieces
   746 | D        | Identified the +1 robe of the Country {+Fly rF+} (You bought it in a shop in the Dungeon)
   748 | D        | Round 5.
   749 | D        | Noticed a witch
   772 | D        | Killed a witch
   772 | D        | Arena points: 572 (+280) [x7]
   772 | D        | Reached skill level 15 in Dodging
   773 | D        | Identified the Handbook of Clay
   773 | D        | Got a decaying rune of Zot
   786 | D        | Bought a distressingly furry buckler for 332 gold pieces
   791 | D        | Identified the +2 buckler of Gallantry {rElec MR+ HP+9} (You bought it in a shop in the Dungeon)
   791 | D        | Reached XP level 9. HP: 39/39 MP: 24/32
   984 | D        | Round 6.
   989 | D        | Offered knowledge of Sticky Flame by Vehumet.
   989 | D        | Reached skill level 16 in Dodging
   995 | D        | Learned a level 4 spell: Sticky Flame
  1105 | D        | Offered knowledge of Ignite Poison by Vehumet.
  1179 | D        | Noticed an oklob plant
  1184 | D        | Noticed an oklob plant
  1200 | D        | Killed an oklob plant
  1200 | D        | Reached skill level 17 in Dodging
  1200 | D        | Reached XP level 10. HP: 24/44 MP: 33/33
  1223 | D        | Killed an oklob plant
  1243 | D        | Arena points: 956 (+384) [x8]
  1243 | D        | Reached skill level 10 in Short Blades
  1255 | D        | Bought 3 scrolls of identify for 150 gold pieces
  1279 | D        | Round 7.
  1303 | D        | Reached skill level 18 in Dodging
  1305 | D        | Noticed a swamp dragon
  1323 | D        | Killed a swamp dragon
  1331 | D        | Reached skill level 19 in Dodging
  1387 | D        | Offered knowledge of Bolt of Magma by Vehumet.
  1394 | D        | Learned a level 5 spell: Bolt of Magma
  1443 | D        | Reached skill level 1 in Conjurations
  1443 | D        | Reached skill level 1 in Fire Magic
  1449 | D        | Arena points: 1523 (+567) [x9]
  1471 | D        | Bought a pitted hat for 315 gold pieces
  1471 | D        | Round 8.
  1476 | D        | Identified the cursed -5 hat "Untiomatzu" {+Blink +Inv rPois+} (You bought it in a shop in the Dungeon)
  1479 | D        | Noticed a sun demon
  1500 | D        | Killed a sun demon
  1500 | D        | Offered knowledge of Fireball by Vehumet.
  1509 | D        | Reached skill level 5 in Fire Magic
  1509 | D        | Reached XP level 11. HP: 31/47 MP: 29/34
  1526 | D        | Learned a level 5 spell: Fireball
  1530 | D        | Reached skill level 5 in Conjurations
  1541 | D        | Offered knowledge of Bolt of Cold by Vehumet.
  1544 | D        | Arena points: 2403 (+880) [x10]
  1561 | D        | Bought 15 scrolls of remove curse for 450 gold pieces
  1575 | D        | Round 9.
  1594 | D        | Bought a pitted amber ring for 45 gold pieces
  1594 | D        | Bought a coiled iron ring for 45 gold pieces
  1594 | D        | Bought a bound iron ring for 45 gold pieces
  1595 | D        | Identified the ring "Schud" {+Blink HP+9 MP+9 SInv} (You bought it in a shop in the Dungeon)
  1597 | D        | Identified the ring of Gaog {rPois+ rF+ MR+ HP-9} (You bought it in a shop in the Dungeon)
  1599 | D        | Identified the ring of Coronation {+Rage +Fly} (You bought it in a shop in the Dungeon)
  1632 | D        | Learned a level 6 spell: Bolt of Cold
  1703 | D        | Offered knowledge of Venom Bolt by Vehumet.
  1731 | D        | Arena points: 3393 (+990) [x11]
  1745 | D        | Bought a slimy cloak for 332 gold pieces
  1745 | D        | Identified the +0 cloak of Stielettaong {-Cast -Tele +Inv +Fly rF+ Dex-4} (You bought it in a shop in the Dungeon)
  1753 | D        | Bought a transparent granite ring for 45 gold pieces
  1753 | D        | Bought a shimmering brass ring for 45 gold pieces
  1753 | D        | Identified the ring of Obsession {*Rage rPois+ rN+ MR+ Slay+4 Stlth-} (You bought it in a shop in the Dungeon)
  1755 | D        | Identified the ring "Ilec" {Wiz *Rage +Rage MR+ Stlth+} (You bought it in a shop in the Dungeon)
  1807 | D        | Round 10.
  1808 | D        | Noticed Ilsuiw
  1876 | D        | Killed Ilsuiw
  1876 | D        | Arena points: 4563 (+1170) [x13]
  1876 | D        | Reached skill level 15 in Spellcasting
  1877 | D        | Identified the Reference Book on Hexes
  1877 | D        | Got a barnacled rune of Zot
  1884 | D        | Learned a level 5 spell: Summon Mana Viper
  1898 | D        | Reached XP level 12. HP: 44/51 MP: 17/37
  1899 | D        | Bought a dazzling cloak for 332 gold pieces
  1904 | D        | Identified the +1 cloak of the Five Beggars {rC++ rN+ MR+ HP+9} (You bought it in a shop in the Dungeon)
  1917 | D        | Bought 3 scrolls of identify for 150 gold pieces
  2116 | D        | Round 11.
  2132 | D        | Offered knowledge of Freezing Cloud by Vehumet.
  2204 | D        | Arena points: 6257 (+1694) [x14]
  2207 | D        | Bought 4 potions of curing for 84 gold pieces
  2217 | D        | Bought 6 potions of agility for 168 gold pieces
  2217 | D        | Bought 6 potions of might for 168 gold pieces
  2241 | D        | Round 12.
  2269 | D        | Noticed a seven-headed hydra
  2276 | D        | Killed a seven-headed hydra
  2300 | D        | Learned a level 6 spell: Freezing Cloud
  2317 | D        | Noticed a seven-headed hydra
  2324 | D        | Offered knowledge of Spellforged Servitor by Vehumet.
  2340 | D        | Killed a seven-headed hydra
  2374 | D        | Reached skill level 20 in Spellcasting
  2414 | D        | Noticed a five-headed hydra
  2429 | D        | Killed a five-headed hydra
  2429 | D        | Reached XP level 13. HP: 28/55 MP: 9/40
  2456 | D        | Arena points: 8057 (+1800) [x15]
  2456 | D        | Reached skill level 1 in Air Magic
  2494 | D        | Bought a +0 quick blade for 450 gold pieces
  2517 | D        | Bought a scroll of brand weapon for 200 gold pieces
  2529 | D        | Round 13.
  2572 | D        | Offered knowledge of Ozocubu's Refrigeration by Vehumet.
  2605 | D        | Reached skill level 5 in Air Magic
  2643 | D        | HP: 4/82 [eidolon (22)]
  2799 | D        | Arena points: 8174 (+117) [x1]
  2815 | D        | Round 14.
  2852 | D        | Reached skill level 10 in Air Magic
  2872 | D        | Bought 3 potions of heal wounds for 105 gold pieces
  2933 | D        | Arena points: 8482 (+308) [x2]
  2956 | D        | Bought 6 potions of magic for 336 gold pieces
  3004 | D        | Round 15.
  3012 | D        | Noticed Agnes
  3021 | D        | Demolished by Agnes

Action                   |  1- 3 |  4- 6 |  7- 9 | 10-12 | 13-15 || total
-------------------------+-------+-------+-------+-------+-------++-------
Melee: Dagger            |     9 |    51 |    52 |   174 |     4 ||   290
       Quick blade       |       |       |       |       |    69 ||    69
 Cast: Corona            |     2 |     3 |       |       |       ||     5
       Confuse           |       |    11 |    16 |    32 |    19 ||    78
       Ensorcelled Hiber |       |     3 |     7 |    30 |       ||    40
       Enslavement       |       |       |     1 |     3 |       ||     4
       Dazzling Spray    |       |       |       |    14 |     6 ||    20
       Sure Blade        |       |       |       |    11 |     1 ||    12
       Fireball          |       |       |       |    17 |     9 ||    26
       Sticky Flame      |       |       |       |     1 |       ||     1
       Summon Mana Viper |       |       |       |     2 |     2 ||     4
       Freezing Cloud    |       |       |       |       |     3 ||     3
       Bolt of Cold      |       |       |       |       |     2 ||     2
 Abil: Evoke Twister     |       |       |       |       |     1 ||     1
Evoke: Wand              |     1 |     2 |       |     5 |     2 ||    10
  Use: Potion            |       |       |     2 |     4 |     6 ||    12
       Scroll            |       |       |       |     2 |     2 ||     4
 Stab: Confused          |       |     9 |    12 |    37 |    10 ||    68
       Sleeping          |       |     3 |     5 |    11 |       ||    19
       Invisible         |       |       |       |     4 |     1 ||     5
  Eat: Bread ration      |       |       |       |     1 |       ||     1
